 Dungeon Crawl Stone Soup version 0.27-a0-1065-ge809cff456 (webtiles) character file.

Game seed: 6114874538527282165

75 DarkShadow the Covered (level 4, -25/40 HPs)
             Began as a Minotaur Fighter on Apr 22, 2021.
             Killed by an exploding goblin (31 damage)
             ... ignited by their inner flame
             ... on level 3 of the Dungeon.
             The game lasted 00:04:31 (2108 turns).

DarkShadow the Covered (Minotaur Fighter)           Turns: 2108, Time: 00:04:31

Health: -25/40     AC:  7    Str: 22    XL:     4   Next: 11%
Magic:  3/3        EV:  7    Int:  5    God:
Gold:   42         SH:  9    Dex:  9    Spells: 3/3 levels left

rFire    . . .     SeeInvis .   a - +0 long sword
rCold    . . .     Faith    .   c - +0 kite shield
rNeg     . . .     Spirit   .   b - +0 scale mail
rPois    .         Reflect  .   (helmet restricted)
rElec    .         Harm     .   (no cloak)
rCorr    .         Rampage  .   (no gloves)
Will     .....                  (no boots)
Stlth    ..........             (no amulet)
HPRegen  0.13/turn              (no ring)
MPRegen  0.08/turn              (no ring)

@: no status effects
A: horns 2, retaliatory headbutt
a: no special abilities


You were on level 3 of the Dungeon.
You visited 1 branch of the dungeon, and saw 3 of its levels.

You collected 42 gold pieces.

Inventory:

Hand Weapons
 a - a +0 long sword (weapon)
Armour
 b - a +0 scale mail (worn)
 c - a +0 kite shield (worn)
Wands
 k - a wand of iceblast (7)
Scrolls
 f - 3 scrolls of amnesia {unknown}
 g - 2 scrolls of teleportation {unknown}
 i - a scroll of magic mapping {unknown}
Potions
 d - a potion of might
 e - a potion of flight {unknown}
 j - a potion of resistance {unknown}
 l - a potion of haste {unknown}


   Skills:
 + Level 4.0 Fighting
 + Level 3.6 Long Blades
 + Level 4.4 Armour
 + Level 4.4 Shields


You had 3 spell levels left.
You didn't know any spells.
Your spell library contained the following spells:

 Spells                   Type           Power      Damage    Failure   Level
 Freeze                   Ice            0%         1d3       99%         1
 Frozen Ramparts          Ice            0%         1d2       100%        3
 Ozocubu's Armour         Ice            0%         N/A       100%        3
 Hailstorm                Conj/Ice       0%         3d3       100%        4
 Metabolic Englaciation   Hex/Ice        0%         N/A       100%        5


Dungeon Overview and Level Annotations

Branches:
Dungeon (3/15)

Altars:

Annotations:
D:3 Robin


Innate Abilities, Weirdness & Mutations

You have a pair of horns on your head.
You reflexively headbutt those who attack you in melee.


Message History

Robin throws the goblin at you! The goblin hits you but does no damage.
The goblin hits you with a +0 dagger. You block the goblin's attack.
The goblin barely misses you. You furiously retaliate!
You headbutt the goblin, but do no damage.
The goblin hits you with a +0 dagger.
You hit the goblin.
The goblin is moderately wounded.
You block the goblin's attack.
The goblin hits you but does no damage. x2
The goblin hits you with a +0 dagger.
You closely miss the goblin. The goblin hits you but does no damage.
You block the goblin's attack. x2; The goblin hits you with a +0 dagger.
The goblin barely misses you.
You riposte.
You slash the goblin!
You kill the goblin!
The goblin completely misses you. The goblin hits you but does no damage.
You hit the goblin but do no damage. Your headbutt misses the goblin.
The goblin hits you but does no damage. x2; The goblin barely misses you.
You riposte.
You hit the goblin.
The goblin is severely wounded.
The goblin hits you with a +0 dagger. x2; You block the goblin's attack.
You barely miss the goblin.
The goblin is severely wounded.
The goblin hits you but does no damage. You block the goblin's attack.
The goblin closely misses you.
You riposte.
You slash the goblin!
You kill the goblin!
The goblin hits you but does no damage. You block the goblin's attack.
The goblin hits you with a +0 dagger.
As you read the scroll labelled HOITAKHLAWA, it crumbles to dust.
The creatures around you are filled with an inner flame!
It was a scroll of immolation.
The hobgoblin hits you but does no damage.
You block the goblin's attack. Robin throws the goblin at you!
The goblin hits you with a +0 dagger.
* * * LOW HITPOINT WARNING * * *
The goblin hits you with a +0 dagger.
* * * LOW HITPOINT WARNING * * *
You hit the goblin.
The goblin explodes!
The fiery explosion engulfs you!!
Ouch! That really hurt!
You die...

.#.#....#.......#.#.#.#
#.######.#.....).....#
#. ............#### ..
......#####..# ..
....#. ##...# #..
....#. #...## #.. ...
#. #.8g######.#.
#g§g§.)...<..
##@§###.##... ##g# ..
..# ... ...# ... ..###
#. ... ...!


You could see Robin (inner flame), a hobgoblin (inner flame, strong) and 2
goblins.

Vanquished Creatures
  An adder (D:2)
  2 worms (D:2)
  2 dart slugs
  2 orcs (D:3)
  4 endoplasms
  3 giant cockroaches
  14 goblins
  A hobgoblin (D:1)
  A quokka (D:1)
  4 ball pythons
  6 bats
  7 frilled lizards
  4 kobolds
  2 rats
53 creatures vanquished.

Notes
Turn   | Place    | Note
-------+----------+-------------------------------------------
     0 | D:1      | DarkShadow the Minotaur Fighter began the quest for the
                  | Orb.
     0 | D:1      | Reached XP level 1. HP: 19/19 MP: 0/0
   219 | D:1      | Reached XP level 2. HP: 15/27 MP: 1/1
   416 | D:1      | Found a faded altar of an unknown god.
  1062 | D:2      | Reached XP level 3. HP: 33/33 MP: 2/2
  2087 | D:3      | Noticed Robin
  2090 | D:3      | Reached XP level 4. HP: 39/40 MP: 3/3
  2108 | D:3      | Killed by an exploding goblin... ignited by their inner
                  | flame

Illustrated notes

Levels and vault maps discovered:
D:1:      dpeg_arrival_erosion, layout_basic, shapermc_ecumenical_altar_venn,
          hangedman_decor_push, minmay_split_cup_large
D:2:      layout_basic, kennysheep_generic_room_9
D:3:      layout_basic, grunt_gozag_statues, serial_curves, eino_curves_04,
          eino_curves_02, grunt_decor_one_mirror, mrwooster_statue_mirror,
          hangedman_abyss_or_decor_lesser_grid, minivault_5, uniq_terence,
          uniq_grinder, uniq_robin

Skill      XL: |  1  2  3 |
---------------+----------+-----
Armour         | 4 |  4.4
Shields        | 4 |  4.4
Long Blades    | 3 |  3.6
Fighting       | 4 |  4.0

Action                   |  1- 3 |  4- 6 || total
-------------------------+-------+-------++-------
Melee: Long sword        |   116 |    14 ||   130
       Headbutt          |    17 |       ||    17
  Use: Scroll            |       |     1 ||     1
Armor: Scale mail        |    56 |    16 ||    72
Dodge: Dodged            |    40 |     8 ||    48
Block: Kite shield       |    71 |    18 ||    89
       Rpst.: Long sword |    17 |     4 ||    21

Table legend: (Time is in decaauts)
 A = Elapsed time spent in this place.
 B = Non-inter-level travel time spent in this place.
 C = Inter-level travel time spent in this place.
 D = Time resting spent in this place.
 E = Time spent auto-exploring this place.
 F = Levels seen in this place.
 G = Mean time per level.
                   A        B        C        D        E       F      G
               +--------+--------+--------+--------+--------+-----+--------+
         Total |   2168 |   2068 |    100 |    259 |   1485 |   3 |  722.7 |
       Dungeon |   2168 |   2068 |    100 |    259 |   1485 |   3 |  722.7 |
               +--------+--------+--------+--------+--------+-----+--------+

Top non-repeatable levels by time:
     D:2: 1135 daAuts
     D:1: 952 daAuts
     D:3: 81 daAuts
